Unix NetHack Version 3.7.0-97 Work-in-progress - last build Feb 8 2024 15:05:57 (6d6cdf8371b60126770a3d7b88910941cb14a054,branch:master). Game began 2024-02-20 16:59:33, ended 2024-02-20 23:38:53. nurdglaw, chaotic female human Rogue ----------------------------- |....|.....`...@f^^^^^^^^^^.| |.000|0..%.----------------+| |.......0..| |.........| |.00.|0.0..| |.........| |%.0.|.....| |.........| |-.--------- |.........| |....|....| |....<....| |..0......--- |.........| |..00|00...>| |.........| |....|....--- |.........| ----------- ----------- Nurdglaw the Rogue St:10 Dx:18 Co:16 In:12 Wi:14 Ch:8 Chaotic S:2393 Dlvl:5 $:28 HP:0(43) Pw:31(31) AC:1 Xp:6/424 T:5374 Hungry Burdened Latest messages: What do you want to write in the dust here? Elbereth The tengu turns to flee. In what direction? b The dagger hits the tengu. In what direction? b The dagger hits the tengu. The tengu bites! In what direction? b You throw 3 daggers. The 1st dagger hits the tengu! The 2nd dagger hits the tengu. The 3rd dagger hits the tengu! The tengu misses! The tengu misses! In what direction? b The dagger hits the tengu. The tengu bites! The tengu bites! In what direction? b You throw 2 daggers. The 1st dagger hits the tengu. The 2nd dagger hits the tengu. You kill the tengu! You have a little trouble lifting b - 7 uncursed +0 daggers (at the ready) (13 in total). You see here a tengu corpse. You have a little trouble lifting b - an uncursed +0 dagger (at the ready) (14 in total). With great effort you move the boulder. With great effort you move the boulder. Something is written here in the dust. You read: "_||?rcth". The boulder falls into and plugs a hole in the floor! The panther hits! The panther hits again! The panther bites! What do you want to write with? [- abjmotzBDINP or ?*] - You write in the dust with your fingertip. What do you want to write in the dust here? Elbereth The panther turns to flee. The panther hits! The panther hits again! The panther bites! The panther just misses! The panther hits! The panther bites! You die... Do you want your possessions identified? [ynq] (y) y Do you want to see your attributes? [ynq] (y) y Do you want an account of creatures vanquished? [ynaq] (y) y Do you want to see your conduct and achievements? [ynq] (y) y Do you want to see the dungeon overview? [ynq] (y) y Inventory: Coins $ - 28 gold pieces Amulets d - a cursed amulet of strangulation named prolly cursed H - an uncursed amulet of unchanging Weapons B - 10 uncursed +0 crossbow bolts b - 14 uncursed +0 daggers (at the ready) z - a cursed +1 dagger j - a cursed +0 dagger named prolly cursed m - 2 uncursed +0 orcish daggers (wielded) a - an uncursed +0 short sword (alternate weapon; not wielded) Armor n - an uncursed +0 orcish helm (being worn) K - an uncursed +0 pair of iron shoes (being worn) p - an uncursed +0 dwarvish cloak (being worn) c - an uncursed +0 dwarvish mithril-coat named prayed on turn 4204 (being worn) Comestibles E - 3 uncursed food rations w - an uncursed tripe ration Scrolls F - an uncursed scroll of destroy armor M - 2 uncursed scrolls of earth e - 2 uncursed scrolls of enchant weapon r - a blessed scroll of gold detection C - an uncursed scroll of identify u - 2 uncursed scrolls of light x - an uncursed scroll of remove curse Spellbooks f - an uncursed spellbook of light named not cursed Rings P - an uncursed ring of conflict t - an uncursed ring of fire resistance o - an uncursed ring of free action named donned on turn 1140 (on left hand) D - a cursed ring of teleportation I - a cursed ring of teleportation Wands N - an uncursed wand of polymorph (0:6) Tools h - an uncursed sack containing 8 items l - an uncursed blindfold i - an uncursed brass lantern k - an uncursed lock pick y - an uncursed tin opener Contents of the sack: 369 gold pieces an uncursed scroll of create monster named not cursed an uncursed scroll of enchant armor named not cursed an uncursed scroll of magic mapping named not cursed an uncursed scroll of teleportation named not cursed an uncursed potion of extra healing named not cursed an uncursed potion of invisibility named not cursed 2 uncursed potions of sickness Nurdglaw the Rogue's attributes: Background: You were a Rogue, level 6 female human. You were chaotic, on a mission for Kos who was opposed by Issek (lawful) and Mog (neutral). You were right-handed. You were in Sokoban, on level 5. You entered the dungeon 5374 turns ago. It was nighttime. You had 424 experience points, 216 more were needed to attain level 7. Your score was 2393 before end-of-game adjustments. Basics: You had 0 out of 43 hit points. You had all 31 energy points (spell power). Your armor class was 1. Your wallet contained 28 zorkmids, and you had 369 more stashed away in your pack. Autopickup was on for '$' plus thrown. Final Characteristics: Your strength was 10 (peak:12, limit:18/100). Your dexterity was 18 (limit:18). Your constitution was 16 (limit:18). Your intelligence was 12 (limit:18). Your wisdom was 14 (limit:18). Your charisma was 8 (limit:18). Final Status: You were hungry. You were burdened; movement was slightly slowed. You were wielding daggers. You were skilled in dagger. Final Attributes: You were piously aligned. Your items were somewhat protected from fire. Your items were somewhat protected from cold. You were stealthy. You were guarded. You had free action. You are dead. Miscellaneous: You never encountered a bones level. Total elapsed playing time was 2 hours, 28 minutes and 47 seconds. Major events: Turn 1: nurdglaw the chaotic female human Rogue entered the dungeon 1537: entered the Gnomish Mines 2032: attained the rank of Cutpurse (level 3) 4369: attained the rank of Rogue (level 6) 4782: entered Sokoban 5242: completed 1st Sokoban level 5374: killed by a panther Vanquished creatures: a dwarf ruler a tengu a leprechaun a black light a housecat 3 bugbears 4 Mordor orcs 2 orc shamans a pony a yellow light a shrieker 3 gnomish wizards an elf zombie 2 giant ants a floating eye a dwarf a homunculus a kobold leader 8 hill orcs 3 giant bats an orc zombie 2 dwarf zombies 3 killer bees 2 acid blobs a gas spore a hobbit 3 hobgoblins a red mold 3 gnomes 3 garter snakes 4 geckos 5 jackals 2 foxes 2 kobolds 2 goblins 8 grid bugs a lichen 6 newts 88 creatures vanquished. No species were genocided or became extinct. Voluntary challenges: You read items or engraved 49 times. You engraved Elbereth 31 times. You never genocided any monsters. You never polymorphed an object. You never changed form. You used no wishes. You did not violate any of the special Sokoban rules. Achievements: You entered a shop. You entered the Gnomish Mines. You attained the rank of Cutpurse. You attained the rank of Rogue. You entered Sokoban. The Dungeons of Doom: levels 1 to 7 Level 1: Level 2: Level 3: Some fountains. Level 4: A fountain. Stairs down to The Gnomish Mines. Level 5: "vault, throne room" A throne, a sink. Level 6: Many fountains. Oracle of Delphi. Level 7: Stairs up to Sokoban, level 6. The Gnomish Mines: Level 5: Sokoban: levels 6 up to 5 Level 5: <- You were here. Unsolved. Final resting place for you, killed by a panther. Level 6: Solved. Game over: ---------- / \ / REST \ / IN \ / PEACE \ / \ | nurdglaw | | 397 Au | | killed by a | | panther | | | | | | 2024 | *| * * * | * _________)/\\_//(\/(/\)/\//\/|_)_______ Goodbye nurdglaw the Rogue... You died in Sokoban on dungeon level 5 with 2354 points, and 397 pieces of gold, after 5374 moves. You were level 6 with a maximum of 43 hit points when you died.